 Dungeon Crawl Stone Soup version 0.23.0 (webtiles) character file.

Game seed: 16476663266620479400

17611 Dantiko the Arsonist (level 11, -5/92 HPs)
             Began as a Demigod Fire Elementalist on Feb 14, 2019.
             Slain by a swamp worm (22 damage)
             ... on level 3 of the Lair of Beasts.
             The game lasted 00:53:13 (16282 turns).

Dantiko the Arsonist (Demigod Fire Elementalist)   Turns: 16282, Time: 00:53:14

Health: -5/92      AC:  7    Str: 11    XL:     11   Next: 93%
Magic:  30/37      EV: 14    Int: 25    God:
Gold:   1060       SH:  5    Dex: 16    Spells: 3/16 levels left

rFire    . . .     SeeInvis .   a - +0 long sword
rCold    . . .     Gourm    .   (no shield)
rNeg     . . .     Faith    .   A - +0 ring mail
rPois    .         Spirit   .   (no helmet)
rElec    .         Reflect  +   r - scarf {cloud immunity}
rCorr    .         Harm     .   D - +0 pair of gloves
MR       +....                  (no boots)
Stlth    +.........             G - +5 amulet of reflection
HPRegen  0.25/turn              g - ring of magical power
MPRegen  0.25/turn              k - ring of magical power

@: about to teleport
A: high mp 1
a: no special abilities


You were on level 3 of the Lair of Beasts.
You were not hungry.

You visited 3 branches of the dungeon, and saw 16 of its levels.

You collected 1060 gold pieces.

Inventory:

Hand Weapons
 a - a +0 long sword (weapon)
 b - a +2 short sword of electrocution
Missiles
 C - 4 throwing nets (quivered)
Armour
 n - a +0 scale mail
 r - a scarf of cloud immunity (worn)
 A - a +0 ring mail (worn)
 D - a +0 pair of gloves (worn)
 P - a +2 shield
Jewellery
 g - a ring of magical power (left hand)
 h - an uncursed ring of protection from magic
 k - a ring of magical power (right hand)
 G - a +5 amulet of reflection (around neck)
 K - an uncursed ring of resist corrosion
 Q - an uncursed ring of poison resistance {unknown}
Wands
 o - a wand of enslavement (7)
 B - a wand of iceblast (26)
 F - a wand of random effects (26)
 M - a wand of scattershot (5)
 T - a wand of paralysis (11)
Scrolls
 e - 8 scrolls of remove curse
 f - a scroll of fog {unknown}
 i - 3 scrolls of immolation
 l - 3 scrolls of enchant armour {unknown}
 q - 3 scrolls of magic mapping
 t - 8 scrolls of teleportation
 u - 2 scrolls of amnesia {unknown}
 v - 3 scrolls of blinking
 E - a scroll of fear
 H - a scroll of summoning {unknown}
 J - a scroll of enchant weapon {unknown}
 N - a scroll of vulnerability {unknown}
 S - a scroll of identify
Potions
 j - 3 potions of heal wounds {unknown}
 m - 3 potions of ambrosia
 p - 2 potions of resistance
 s - 2 potions of brilliance {unknown}
 w - 3 potions of cancellation {unknown}
 x - 3 potions of haste
 z - 6 potions of curing
 I - 2 potions of lignification
 L - a potion of agility {unknown}
 R - a potion of berserk rage {unknown}
 V - a potion of mutation {unknown}
Miscellaneous
 d - a phial of floods
 O - a lamp of fire
Comestibles
 c - 30 rations


   Skills:
 + Level 7.0 Fighting
 + Level 6.8 Long Blades
 - Level 6.0 Armour
 + Level 6.9 Dodging
 - Level 1.7 Stealth
 - Level 3.1 Spellcasting
 + Level 8.5 Conjurations
 + Level 8.6 Fire Magic
 + Level 4.5 Evocations


You had 3 spell levels left.
You knew the following spells:

 Your Spells              Type           Power        Failure   Level  Hunger
a - Flame Tongue          Conj/Fire      #####        1%          1    None
b - Conjure Flame         Conj/Fire      #####...     1%          3    ###....
c - Sticky Flame          Conj/Fire      #####...     6%          4    ####...
d - Fireball              Conj/Fire      #####.....   17%         5    ######.

Your spell library contained the following spells:

 Spells                   Type           Power        Failure   Level  Hunger
 Magic Dart               Conj           ####         1%          1    None
 Throw Flame              Conj/Fire      #####.       1%          2    ##.....
 Inner Flame              Hex/Fire       ####....     11%         3    ###....
 Mephitic Cloud           Conj/Pois/Air  ###.....     21%         3    ###....
 Animate Skeleton         Necr           N/A          22%         1    None
 Apportation              Tloc           #.....       22%         1    None
 Confusing Touch          Hex            #.....       22%         1    None
 Infusion                 Chrm           #...         22%         1    None
 Summon Butterflies       Summ           #.......     22%         1    None
 Summon Small Mammal      Summ           #...         22%         1    None
 Blink                    Tloc           N/A          32%         2    ##.....
 Call Imp                 Summ           #.......     32%         2    ##.....
 Poisonous Vapours        Pois/Air       #.....       32%         2    ##.....
 Shroud of Golubria       Chrm/Tloc      #.........   32%         2    ##.....
 Slow                     Hex            #.......     32%         2    ##.....
 Song of Slaying          Chrm           #.......     32%         2    ##.....
 Lesser Beckoning         Tloc           #.........   54%         3    ###....
 Regeneration             Chrm/Necr      #.........   54%         3    ###....
 Spectral Weapon          Hex/Chrm       #.......     54%         3    ###....
 Tukima's Dance           Hex            #.......     54%         3    ###....
 Alistair's Intoxication  Tmut/Pois      #.......     99%         5    ######.
 Freezing Cloud           Conj/Ice/Air   ###.......   100%        6    #######
 Invisibility             Hex            #.......     100%        6    #######
 Ring of Flames           Chrm/Fire      ####......   100%        7    #######


Dungeon Overview and Level Annotations

Branches:
Dungeon (12/15)            Temple (1/1) D:7            Lair (3/6) D:11
  Swamp (0/4) Lair:3       Spider (0/4) Lair:2
    Orc: D:9-12

Shops:
D:9 (([(


Innate Abilities, Weirdness & Mutations

You have an increased reservoir of magic. (+10% MP)


Message History

Aiming: Sticky Flame (safe; 6% risk of failure)
Press: ? - help, Shift-Dir - straight line, f - swamp worm, p - swamp worm
Aim: a swamp worm (thin mist)
The sticky flame hits the swamp worm.
The swamp worm is lightly wounded.
The swamp worm is covered in liquid flames!
The swamp worm burns!
The swamp worm bites you.
* * * LOW HITPOINT WARNING * * *
The swamp worm bites you!
* * * LOW HITPOINT WARNING * * *
As you read the scroll of teleportation, it crumbles to dust.
You feel strangely unstable.
The swamp worm burns!
The swamp worm closely misses you.
You riposte.
You hit the swamp worm.
The swamp worm is heavily wounded.
The swamp worm bites you.
* * * LOW HITPOINT WARNING * * *
The swamp worm bites you.
* * * LOW HITPOINT WARNING * * *
You feel better.
The swamp worm burns!
The swamp worm bites you!!
You die...

.............♣≈.♣≈♣
.............♣≈..≈♣ .#
............♣♣≈.♣≈♣ .♣.
...........♣♣♣≈..≈♣ ..
........###♣ ♣≈..≈♣ # .......##
♣≈..≈♣ # ......## ♣≈..≈♣ ###
......## ♣≈..≈♣ #.. .......##
♣≈♣@≈♣ #.. #.......# ♣§ww♣♣ ...##
###.. #.#.....####
♣§§.≈♣....#.####....
###........#♣♣§§§;♣.....#.P......
#.#........♣≈≈§§♣.............. #
###........♣♣♣♣♣♣.............. #
###.......♣♣♣♣............... #
#.........................# #
#P........................#


You could see 2 swamp worms and an electric eel.

Vanquished Creatures
  Harold (D:7)
  A two-headed ogre (D:8)
  Sonja (D:10)
  An unseen horror (D:10)
  2 cyclopes (D:11)
  2 manticores (D:11)
  The ghost of Fuodd the Chopper, a novice HOMo (D:7)
  Maurice (D:8)
  3 black mambas (Lair:3)
  2 spiny frogs (Lair:1)
  A gargoyle (D:10)
  A komodo dragon (Lair:2)
  A rime drake (Lair:3)
  Grinder (D:3)
  A hornet (D:7)
  2 bog bodies (Lair:3)
  A slime creature (D:7)
  2 hippogriffs (Lair:3)
  A redback (Lair:2)
  12 yaks
  2 hungry ghosts
  A swamp worm (Lair:3)
  A water moccasin (Lair:1)
  A soldier ant (D:11)
  A porcupine (Lair:2)
  A sky beast (D:11)
  4 phantoms
  4 ice beasts
  6 orc warriors
  4 wolves (Lair:1)
  2 black bears
  4 ogres
  8 centaurs
  4 crocodiles
  3 big kobolds
  18 bullfrogs
  A water moccasin skeleton (D:5)
  4 killer bees (D:8)
  5 scorpions
  3 wights (D:9)
  2 howler monkeys
  A bullfrog zombie (D:7)
  A centaur zombie (D:8)
  6 crimson imps
  6 jellies
  3 hounds
  5 orc priests
  Crazy Yiuf (D:5)
  4 bullfrog skeletons
  4 centaur skeletons
  10 orc wizards
  Terence (D:3)
  2 iguanas
  4 worker ants
  3 worker ant zombies
  11 adders
  11 gnolls
  2 shadow imps
  2 oozes (D:1)
  2 adder skeletons
  2 adder zombies
  4 worms
  3 dart slugs
  6 leopard geckos
  42 orcs
  6 bats
  2 bat skeletons (D:2)
  15 giant cockroaches
  5 goblins
  11 hobgoblins
  14 jackals
  7 quokkas
  2 ball pythons
  A ball python zombie (D:2)
  7 frilled lizards
  A giant cockroach zombie (D:5)
  A jackal skeleton (D:2)
  31 kobolds
  2 leopard gecko skeletons
  A quokka skeleton (D:4)
  7 rats
  A fungus (D:5)
367 creatures vanquished.

Notes
Turn   | Place    | Note
-------+----------+-------------------------------------------
     0 | D:1      | Dantiko the Demigod Fire Elementalist began the quest for
                  | the Orb.
     0 | D:1      | Reached XP level 1. HP: 14/14 MP: 5/5
     4 | D:1      | Reached skill level 1 in Conjurations
   141 | D:1      | Reached XP level 2. HP: 18/20 MP: 7/7
   337 | D:1      | You fall through a shaft!
   613 | D:1      | Reached XP level 3. HP: 18/26 MP: 8/8
  1174 | D:1      | Learned a level 3 spell: Conjure Flame
  1328 | D:2      | Found a shadowy altar of Dithmenos.
  1598 | D:3      | Reached XP level 4. HP: 27/33 MP: 9/9
  1642 | D:3      | Found a blossoming altar of Fedhas.
  1642 | D:3      | Found a hide-covered altar of Uskayaw.
  1662 | D:3      | Found an ornate altar of the Wu Jian Council.
  1726 | D:3      | Noticed Grinder
  1737 | D:3      | Paralysed by Grinder for 6 turns
  1752 | D:3      | Killed Grinder
  1752 | D:3      | Reached XP level 5. HP: 34/38 MP: 3/12
  1879 | D:3      | Reached XP level 6. HP: 30/45 MP: 13/13
  1998 | D:3      | Noticed Terence
  2023 | D:3      | Killed Terence
  2789 | D:3      | Learned a level 4 spell: Sticky Flame
  2803 | D:4      | Found an iron altar of Okawaru.
  3049 | D:4      | Reached XP level 7. HP: 32/51 MP: 13/14
  3051 | D:4      | Reached skill level 1 in Fighting
  3051 | D:4      | Reached skill level 1 in Long Blades
  3514 | D:5      | Entered Level 5 of the Dungeon
  3623 | D:5      | Reached skill level 5 in Conjurations
  3623 | D:5      | Reached skill level 5 in Fire Magic
  4318 | D:5      | Reached skill level 1 in Armour
  4683 | D:5      | Found a runed translucent door.
  4684 | D:5      | Noticed Crazy Yiuf
  4691 | D:5      | Killed Crazy Yiuf
  4759 | D:6      | Reached XP level 8. HP: 62/62 MP: 15/15
  5468 | D:6      | HP: 3/62 [black bear (2)]
  5808 | D:6      | Found a hazy altar of Hepliaklqana.
  5910 | D:7      | Noticed a hornet
  5916 | D:7      | Killed a hornet
  6202 | D:7      | Reached XP level 9. HP: 61/71 MP: 8/17
  6288 | D:7      | Learned a level 5 spell: Fireball
  6453 | D:7      | Found a staircase to the Ecumenical Temple.
  6466 | Temple   | Entered the Ecumenical Temple
  6825 | D:7      | Noticed Harold
  6874 | D:7      | Killed Harold
  7178 | D:7      | Noticed Fuodd's ghost (novice HOMo)
  7181 | D:7      | Found a transporter.
  7184 | D:7      | Found a transporter.
  7824 | D:7      | Killed Fuodd's ghost
  8072 | D:8      | Noticed Maurice
  8086 | D:8      | Killed Maurice
  8126 | D:8      | Noticed a two-headed ogre
  8136 | D:8      | Killed a two-headed ogre
  8136 | D:8      | Reached skill level 5 in Fighting
  8136 | D:8      | Reached skill level 5 in Dodging
  8136 | D:8      | Reached XP level 10. HP: 81/81 MP: 16/18
  8318 | D:8      | Reached skill level 5 in Long Blades
  8695 | D:8      | Reached skill level 1 in Evocations
  9364 | D:9      | Found Lesom's Armour Emporium.
  9383 | D:9      | Found Nazayss's Weapon Boutique.
  9419 | D:9      | Found Lowy's Antique Weapon Shop.
  9446 | D:9      | Found Cividghia's Antique Weapon Boutique.
  9546 | D:9      | Reached skill level 5 in Armour
  9872 | D:10     | Entered Level 10 of the Dungeon
 10609 | D:10     | Killed an unseen horror
 10876 | D:10     | Noticed Sonja
 10886 | D:10     | Killed Sonja
 11385 | D:11     | Noticed a manticore
 11388 | D:11     | Killed a manticore
 11395 | D:11     | Reached XP level 11. HP: 88/89 MP: 19/19
 11475 | D:11     | Found a staircase to the Lair.
 12849 | D:11     | Found a radiant altar of Vehumet.
 13054 | D:12     | HP: 1/91 [manticore/volley of spikes (18)]
 13411 | Lair:1   | Entered Level 1 of the Lair of Beasts
 14176 | Lair:2   | Found a hole to the Spider Nest.
 15374 | Lair:3   | HP: 4/91 [poisoned by a black mamba]
 15381 | Lair:3   | HP: 3/91 [poisoned by a black mamba]
 15388 | Lair:3   | HP: 2/91 [poisoned by a black mamba]
 15396 | Lair:3   | HP: 2/91 [poisoned by a black mamba]
 16273 | Lair:3   | Found a staircase to the Swamp.
 16282 | Lair:3   | Slain by a swamp worm

Skill      XL: |  1  2  3  4  5  6  7  8  9 10 11 |
---------------+----------------------------------+-----
Conjurations   | 1 2 3 4 5 6 7 8 |  8.5
Fire Magic     | 3 4 5 6 7 8 |  8.6
Spellcasting   | 2 3 |  3.1
Fighting       | 2 3 5 7 |  7.0
Long Blades    | 2 3 4 5 6 |  6.8
Dodging        | 2 3 5 6 |  6.9
Armour         | 1 3 4 5 6 |  6.0
Evocations     | 2 4 |  4.5
Stealth        | |  1.7

Action                   |  1- 3 |  4- 6 |  7- 9 | 10-12 || total
-------------------------+-------+-------+-------+-------++-------
Melee: Whip              |    50 |     7 |    47 |    11 ||   115
       Long sword        |       |    51 |    26 |    25 ||   102
       Short sword       |       |       |       |    11 ||    11
 Cast: Flame Tongue      |    74 |    98 |   269 |   405 ||   846
       Conjure Flame     |       |     7 |    30 |    56 ||    93
       Sticky Flame      |       |       |    16 |    60 ||    76
       Fireball          |       |       |     1 |       ||     1
Evoke: Wand              |       |       |     1 |       ||     1
  Use: Scroll            |       |       |     7 |     7 ||    14
       Potion            |       |       |     2 |     4 ||     6
  Eat: Chunk             |     3 |     6 |    19 |    33 ||    61
       Ration            |       |       |     1 |     2 ||     3
Armor: Robe              |    25 |     4 |       |       ||    29
       Leather armour    |       |     5 |    43 |       ||    48
       Skin              |       |       |    29 |       ||    29
       Ring mail         |       |       |     2 |    44 ||    46
Dodge: Dodged            |    77 |    57 |   111 |   156 ||   401
Block: Other             |       |       |       |    51 ||    51
       Reflection        |       |       |       |    10 ||    10
       Rpst.: Long sword |       |    16 |    20 |    29 ||    65
